 Dungeon Crawl Stone Soup version 0.27-a0-797-g27d10ad80f (webtiles) character file.

Game seed: 12894570461455079292

88 polve the Chopper (level 4, -13/33 HPs)
             Began as a Demonspawn Gladiator on Mar 27, 2021.
             Mangled by an ogre
             ... wielding a +0 giant spiked club
              (30 damage)
             ... on level 3 of the Dungeon.
             The game lasted 00:01:17 (2558 turns).

polve the Chopper (Demonspawn Gladiator)            Turns: 2558, Time: 00:01:18

Health: -13/33     AC:  5    Str: 12 (15) XL:     4   Next: 30%
Magic:  4/4        EV: 12    Int:  8 (9)  God:
Gold:   38         SH:  0    Dex: 13 (15) Spells: 3/3 levels left

rFire    . . .     SeeInvis .   a - +0 war axe
rCold    . . .     Faith    .   (no shield)
rNeg     . . .     Spirit   .   b - +0 leather armour
rPois    .         Reflect  .   c - +0 helmet
rElec    .         Harm     .   (no cloak)
rCorr    .         Rampage  .   (no gloves)
Will     .....                  j - +0 pair of boots
Stlth    +.........             (no amulet)
HPRegen  0.11/turn              (no ring)
MPRegen  0.09/turn              (no ring)

@: flying
A: powered by pain 1
a: no special abilities


You were on level 3 of the Dungeon.
You visited 1 branch of the dungeon, and saw 3 of its levels.

You collected 38 gold pieces.

Inventory:

Hand Weapons
 a - a +0 war axe (weapon)
Missiles
 d - 3 throwing nets (quivered)
Armour
 b - a +0 leather armour (worn)
 c - a +0 helmet (worn)
 j - a +0 pair of boots (worn)
Jewellery
 l - a ring of see invisible
Scrolls
 e - 2 scrolls of identify {unknown}
 i - a scroll of vulnerability {unknown}
Potions
 f - 2 potions of attraction {unknown}
 g - a potion of resistance {unknown}
 m - 2 potions of magic {unknown}


   Skills:
 - Level 2.0 Fighting
 + Level 4.7 Axes
 - Level 1.7 Throwing
 - Level 2.6 Dodging


You had 3 spell levels left.
You didn't know any spells.
Your spell library was empty.

Dungeon Overview and Level Annotations

Branches:
Dungeon (3/15)

Altars:
Fedhas

Shops:
D:3 [

Annotations:
D:3 3 runed translucent doors, t4s4d4r's ghost, weakling DsHu


Innate Abilities, Weirdness & Mutations

You sometimes gain a little power by taking damage.


Message History

No target in view!
No target in view!
No target in view!
No target in view!
No target in view!
No target in view!
No target in view!
m - a metallic yellow potion
m - 2 metallic yellow potions (gained 1)
You now have 38 gold pieces (gained 10).
An orc and an ogre come into view.
The ogre shouts!
There are monsters nearby!
A gnoll comes into view. It is wielding a +0 halberd.
A gnoll comes into view. It is wielding a +0 flail.
The ogre hits you with a +0 giant spiked club!
Ouch! That really hurt!
Found a hunting sling.
You are too injured to fight recklessly!
You are too injured to fight recklessly!
You are too injured to fight recklessly!
You are too injured to fight recklessly!
You are too injured to fight recklessly!
You are too injured to fight recklessly!
You are too injured to fight recklessly!
You are too injured to fight recklessly!
You are too injured to fight recklessly!
You are too injured to fight recklessly!
You are too injured to fight recklessly!
You are too injured to fight recklessly!
It was a potion of degeneration.
There was something very wrong with that liquid.
You feel weakened.
You feel dopey.
You feel clumsy. The ogre barely misses you.
It was a potion of flight.
You feel very buoyant.
You fly up into the air.
The ogre hits you with a +0 giant spiked club!!
Ouch! That really hurt!
You die...

##..# #.# ##≈## #.
##.# ###.### #.≈.###.
#.# #.....# #.≈..##.
#..g.
#.###.###.####.≈..##.
..≈g≈ #.....#
#...###≈#.... ..≈)≈
#####.###.#.# #≈#....
.o≈.≈ #.....#.#
#≈#.... #.≈≈≈
#############.###.#
######.
#...##......o.O@...#
.. ##
#..#...############
## # #....#........
##......######
########


You could see an ogre and an orc.

Vanquished Creatures
  2 adders
  4 gnolls (D:2)
  A dart slug (D:1)
  An orc (D:3)
  4 ball pythons
  A bat (D:2)
  3 endoplasms
  2 giant cockroaches
  3 goblins
  A hobgoblin (D:3)
  2 frilled lizards (D:1)
  4 kobolds
  4 rats
32 creatures vanquished.

Vanquished Creatures (others)
  A plant (D:3)
1 creature vanquished.

Grand Total: 33 creatures vanquished

Notes
Turn   | Place    | Note
-------+----------+-------------------------------------------
     0 | D:1      | polve the Demonspawn Gladiator began the quest for the Orb.
     0 | D:1      | Reached XP level 1. HP: 16/16 MP: 1/1
   529 | D:1      | Reached skill level 3 in Axes
   808 | D:1      | Gained mutation: You sometimes gain a little power by
                  | taking damage. [demonic ancestry]
   808 | D:1      | Reached XP level 2. HP: 22/22 MP: 2/2
  1230 | D:2      | Reached XP level 3. HP: 17/27 MP: 3/3
  1236 | D:2      | Reached skill level 4 in Axes
  1725 | D:2      | Reached XP level 4. HP: 33/33 MP: 4/4
  1915 | D:3      | Noticed t4s4d4r's ghost (weakling DsHu)
  2067 | D:3      | Found a runed translucent gate.
  2067 | D:3      | Found a runed translucent gate.
  2067 | D:3      | Found a runed translucent gate.
  2139 | D:3      | Found a blossoming altar of Fedhas.
  2390 | D:3      | Found Lymy's Armour Shop.
  2544 | D:3      | Noticed an ogre
  2558 | D:3      | Mangled by an ogre

Illustrated notes

Levels and vault maps discovered:
D:1:      mrwooster_arrival_statue_2, layout_loops_cross
D:2:      layout_loops_cross
D:3:      layout_loops_ring, grunt_temple_overflow_cloverleaf, serial_rivers,
          chequers_serial_rivers_micro_a, chequers_serial_rivers_micro_d,
          chequers_serial_rivers_micro_a, chequers_serial_rivers_micro_e,
          serial_shops, nicolae_shop_behind_doors, gammafunk_ghost_icy,
          fedhas_ov_isle_minmay

Skill      XL: |  1  2  3 |
---------------+----------+-----
Axes           | 3 4 |  4.7
Fighting       | |  2.0
Throwing       | |  1.7
Dodging        | |  2.6

Action                   |  1- 3 |  4- 6 || total
-------------------------+-------+-------++-------
Melee: War axe           |    57 |    21 ||    78
  Use: Potion            |       |     2 ||     2
 Stab: Sleeping          |     1 |     2 ||     3
Armor: Leather armour    |    21 |     2 ||    23
Dodge: Dodged            |    40 |    16 ||    56

Table legend: (Time is in decaauts)
 A = Elapsed time spent in this place.
 B = Non-inter-level travel time spent in this place.
 C = Inter-level travel time spent in this place.
 D = Time resting spent in this place.
 E = Time spent auto-exploring this place.
 F = Levels seen in this place.
 G = Mean time per level.
                   A        B        C        D        E       F      G
               +--------+--------+--------+--------+--------+-----+--------+
         Total |   2583 |   2504 |     79 |      0 |   2281 |   3 |  861.0 |
       Dungeon |   2583 |   2504 |     79 |      0 |   2281 |   3 |  861.0 |
               +--------+--------+--------+--------+--------+-----+--------+

Top non-repeatable levels by time:
     D:2: 987 daAuts
     D:1: 926 daAuts
     D:3: 669 daAuts
